[Event "ICCopen2017"]
[Site "Internet Chess Club"]
[Date "2017.03.19"]
[Round "8"]
[White "searchforbobby1"]
[Black "nurmi"]
[Result "0-1"]
[ICCResult "White checkmated"]
[WhiteElo "1976"]
[BlackElo "2251"]
[Opening "Sicilian: Smith-Morra gambit"]
[ECO "B21"]
[NIC "SI.48"]
[Time "20:37:58"]
[TimeControl "180+0"]

1. e4 c5 2. d4 cxd4 3. c3 d3 4. Bxd3 Nc6 5. c4 Nf6 6. Nc3 g6 7. Nf3 Bg7 8.
O-O O-O 9. h3 d6 10. Bg5 Be6 11. Rc1 Rc8 12. b3 a6 13. Nd5 Nd7 14. Qd2 f6
15. Bh6 Nde5 16. Nxe5 fxe5 17. Bg5 Bxd5 18. cxd5 Nd4 19. Be3 Qd7 20. Bxd4
exd4 21. Rxc8 Rxc8 22. Rc1 Rc3 23. Re1 Be5 24. f4 Bxf4 25. Qxf4 Rxd3 26. Rf1
Qe8 27. Qg4 Re3 28. Qe6+ Kg7 29. h4 d3 30. h5 d2 31. Kf2 Re1 32. Rxe1
dxe1=Q+ 33. Kxe1 gxh5 34. Kd2 Qf7 35. Qxf7+ Kxf7 36. Ke3 Kf6 37. Kf4 h6 38.
g3 e5+ 39. dxe6 Kxe6 40. a3 b5 41. b4 Kf6 42. Ke3 Ke5 43. Kd3 d5 44. exd5
Kxd5 45. Ke3 Kc4 46. Kf4 Kb3 47. Kf5 Kxa3 48. Kg6 Kxb4 49. Kxh5 a5 50. Kxh6
a4 51. g4 a3 52. g5 a2 53. g6 a1=Q 54. g7 Qh1+ 55. Kg6 Qa8 56. Kf7 Kc5 57.
g8=Q Qxg8+ 58. Kxg8 b4 59. Kf7 b3 60. Ke6 b2 61. Kf5 b1=Q+ 62. Ke6 Qd3 63.
Ke5 Qd4+ 64. Kf5 Kd6 65. Kg5 Qe5+ 66. Kg4 Ke6 67. Kf3 Kf5 68. Kf2 Qe4 69.
Kg3 Qd3+ 70. Kf2 Kf4 71. Kg2 Qe2+ 72. Kg1 Kg3 73. Kh1 Qg2# {White
checkmated} 0-1

[Event "ICCopen2017"]
[Site "Internet Chess Club"]
[Date "2017.03.19"]
[Round "8"]
[White "ANGELLR"]
[Black "bennywins"]
[Result "1-0"]
[ICCResult "Black checkmated"]
[WhiteElo "1703"]
[BlackElo "1459"]
[Opening "Benoni defense, Hromodka system"]
[ECO "A56"]
[NIC "BI.38"]
[Time "20:39:31"]
[TimeControl "180+0"]

1. d4 Nf6 2. c4 c5 3. d5 d6 4. Nc3 g6 5. e4 Bg7 6. Bd3 O-O 7. Nf3 Bg4 8. h3
Bd7 9. O-O a6 10. Re1 e6 11. e5 dxe5 12. Nxe5 exd5 13. cxd5 b5 14. Bg5 c4
15. Bc2 b4 16. Ne4 Bb5 17. d6 Nbd7 18. Nxd7 Qxd7 19. Bxf6 Qc6 20. Bxg7 Kxg7
21. Qd4+ Kg8 22. Nf6+ Kg7 23. Nh5+ Kh6 24. Ng3 f6 25. Qh4+ Kg7 26. Re7+ Rf7
27. Rxf7+ Kxf7 28. Qxh7+ Ke6 29. Re1+ Kd5 30. Be4+ Kxd6 31. Bxc6 Kxc6 32.
Qxg6 Kb6 33. Qxf6+ Bc6 34. Nf5 c3 35. bxc3 bxc3 36. Ne7 c2 37. Qxc6+ Ka5 38.
Nd5 Rc8 39. Qb6+ Ka4 40. Qb4# {Black checkmated} 1-0

[Event "ICCopen2017"]
[Site "Internet Chess Club"]
[Date "2017.03.19"]
[Round "8"]
[White "bruwaenzin"]
[Black "sonofmarabu"]
[Result "0-1"]
[ICCResult "White forfeits on time"]
[WhiteElo "1568"]
[BlackElo "1586"]
[Opening "Sicilian defense"]
[ECO "B33"]
[NIC "SI.34"]
[Time "20:37:57"]
[TimeControl "180+0"]

1. e4 c5 2. Nf3 Nc6 3. d4 cxd4 4. Nxd4 Nf6 5. Nc3 e6 6. Be3 Bb4 7. Qd2 O-O
8. a3 Ba5 9. f3 d5 10. O-O-O Bd7 11. Nxc6 Bxc6 12. e5 Nd7 13. Bd3 Re8 14. f4
Nf8 15. h4 d4 16. Bxd4 g6 17. Qf2 Bxc3 18. Bxc3 Qc7 19. h5 Rad8 20. hxg6
Nxg6 21. Bxg6 fxg6 22. Rxd8 Rxd8 23. Qh4 Bxg2 24. Rg1 Qd7 25. Qf6 Bf3 26. b3
Rf8 27. Qh4 Qd8 28. Qg3 Be4 29. Bb4 Rf7 30. Rd1 Qc8 31. Rd2 b6 32. Qe3 Bf5
33. Kb2 Rc7 34. Bc3 a5 35. a4 Rc6 36. Qd4 Kg7 37. Qd7+ Qxd7 38. Rxd7+ Kh6
39. Rd6 Rc5 40. Rxb6 Rd5 {White forfeits on time} 0-1

[Event "ICCopen2017"]
[Site "Internet Chess Club"]
[Date "2017.03.19"]
[Round "8"]
[White "Svinotigr"]
[Black "angelyas"]
[Result "1-0"]
[ICCResult "Black resigns"]
[WhiteElo "1684"]
[BlackElo "1358"]
[Opening "Réti: old Indian attack"]
[ECO "A06"]
[NIC "QP.09"]
[Time "20:39:04"]
[TimeControl "180+0"]

1. Nf3 d5 2. d3 Bf5 3. Nbd2 Nc6 4. e3 e6 5. Qe2 Bg6 6. g3 f6 7. e4 dxe4 8.
dxe4 e5 9. c3 Bd6 10. Bg2 Qe7 11. h4 h5 12. O-O a6 13. a4 f5 14. exf5 Bxf5
15. Ng5 Bg4 16. Qc4 Nf6 17. Nde4 Nxe4 18. Qxe4 Bd7 19. Qg6+ Kd8 20. Nf7+ Kc8
21. Nxh8 Be8 22. Qe4 Kb8 23. Ng6 Qe6 24. Nf4 Qf7 25. Nd3 Nd8 26. b4 Bc6 27.
Qe2 Bxg2 28. Kxg2 Ne6 29. Be3 c6 30. Nc5 Nxc5 31. bxc5 Bc7 32. Rab1 Ka7 33.
Qb2 Bd8 34. Qb3 Qe7 35. Rfd1 Rb8 36. Rd6 Bc7 37. Re6 Qf7 38. Bg5 Qf5 39. Rf1
Qe4+ 40. Kh2 Ba5 41. Re7 Bd8 42. Rxg7 Bxg5 43. Rxg5 Qe2 44. Qd1 Qc4 45. Rxh5
Qxc5 46. Rg5 Qxc3 47. Qe2 Re8 48. Qe3+ Kb8 49. Qxc3 e4 50. Rg7 b5 51. axb5
axb5 52. Qa5 Rc8 53. Qb6+ {Black resigns} 1-0

[Event "ICCopen2017"]
[Site "Internet Chess Club"]
[Date "2017.03.19"]
[Round "8"]
[White "dalaz"]
[Black "TZ700A"]
[Result "1-0"]
[ICCResult "Black resigns"]
[WhiteElo "1565"]
[BlackElo "1306"]
[Opening "Ruy Lopez: old Steinitz defense"]
[ECO "C62"]
[NIC "RL.02"]
[Time "20:38:10"]
[TimeControl "180+0"]

1. e4 e5 2. Nf3 Nc6 3. Bb5 d6 4. O-O Bg4 5. h3 Bh5 6. g4 Bg6 7. d4 a6 8.
Bxc6+ bxc6 9. dxe5 Bxe4 10. Re1 d5 11. Nc3 Bxf3 12. Qxf3 Be7 13. e6 f6 14.
Bf4 Rb8 15. b3 Bd6 16. Rad1 Ne7 17. g5 O-O 18. Ne2 fxg5 19. Qd3 Bxf4 20.
Nxf4 Rxf4 21. Re5 Ng6 22. Rf5 Qe7 23. Re1 Rf8 24. Rxf8+ Nxf8 25. Qxa6 Nxe6
26. Qc8+ Kf7 27. a4 Qf6 28. Qd7+ Kg6 29. Qe8+ Kh6 30. Rxe6 Qxe6 31. Qxe6+
{Black resigns}
1-0

[Event "ICCopen2017"]
[Site "Internet Chess Club"]
[Date "2017.03.19"]
[Round "8"]
[White "sanguine"]
[Black "YHWH"]
[Result "0-1"]
[ICCResult "White forfeits on time"]
[WhiteElo "1125"]
[BlackElo "1423"]
[Opening "Fred"]
[ECO "B00"]
[NIC "VO.17"]
[Time "20:38:42"]
[TimeControl "180+0"]

1. e4 f5 2. e5 d6 3. f4 Nc6 4. Nc3 dxe5 5. d3 Nf6 6. Nf3 e4 7. dxe4 Qxd1+ 8.
Nxd1 Nxe4 9. Bd3 Nb4 10. O-O Nc5 11. Bc4 Nxc2 12. Rb1 Ne4 13. Ne5 e6 14. Nc3
Nxc3 15. bxc3 Na3 16. Bd3 Nxb1 17. Bb2 Nd2 18. Re1 Bc5+ 19. Kh1 O-O 20. c4
c6 21. h4 Ne4 22. Bxe4 fxe4 23. Rxe4 Bd6 24. Ng4 Rxf4 25. Nh6+ gxh6 26. Re3
e5 27. Rg3+ Rg4 28. Rf3 Be6 29. Rf6 Re8 30. Bc1 Kg7 31. Rxh6 Be7 32. Rh5
Rxh4+ 33. Rxh4 Bxh4 34. Kg1 Bxc4 {White forfeits on time} 0-1

[Event "ICCopen2017"]
[Site "Internet Chess Club"]
[Date "2017.03.19"]
[Round "8"]
[White "tonychess2014"]
[Black "ladrife"]
[Result "1-0"]
[ICCResult "Black forfeits on time"]
[WhiteElo "1810"]
[BlackElo "1486"]
[Opening "Sicilian: Alapin's variation (2.c3)"]
[ECO "B22"]
[NIC "SI.46"]
[Time "20:37:54"]
[TimeControl "180+0"]

1. e4 c5 2. c3 d5 3. exd5 Qxd5 4. d4 e6 5. Nf3 cxd4 6. cxd4 Nf6 7. Nc3 Bb4
8. Be2 O-O 9. O-O Qd8 10. Bg5 Be7 11. Qb3 a6 12. Rfd1 b5 13. Ne5 Bb7 14.
Rac1 Nd5 15. Bxe7 Qxe7 16. Bf3 Nxc3 17. bxc3 Bxf3 18. Nxf3 Nd7 19. c4 bxc4
20. Qxc4 Nf6 21. Ne5 h6 22. h3 Qd6 23. Qc7 Rad8 24. Qxd6 Rxd6 25. Rc6 Rfd8
26. Rc7 Nd7 27. Nc6 Re8 28. Rb1 Nf6 29. Rbb7 Rf8 30. Ne7+ Kh7 31. Nc6 Kg8
32. a4 Nd5 33. Ne7+ Nxe7 34. Rxe7 Rxd4 35. a5 Ra4 36. Red7 Rxa5 37. Ra7 Ra1+
38. Kh2 a5 39. Rd6 a4 40. Rda6 a3 41. Rxa3 Rxa3 42. Rxa3 Rd8 43. Kg3 Rd2 44.
f3 g6 45. Ra8+ Kg7 46. Ra7 Kf6 47. Ra6 h5 48. Ra5 {Black forfeits on time}
1-0

[Event "ICCopen2017"]
[Site "Internet Chess Club"]
[Date "2017.03.19"]
[Round "8"]
[White "geilgambler"]
[Black "NEO2017"]
[Result "0-1"]
[ICCResult "White forfeits on time"]
[WhiteElo "1769"]
[BlackElo "1745"]
[Opening "English: Caro-Kann defensive system"]
[ECO "A11"]
[NIC "EO.64"]
[Time "20:37:37"]
[TimeControl "180+0"]

1. c4 c6 2. Nc3 d5 3. d4 Nf6 4. g3 g6 5. Bg2 Bg7 6. e3 O-O 7. Nge2 e6 8. O-O
b6 9. b3 Bb7 10. Ba3 Re8 11. Rc1 Nbd7 12. Re1 Rc8 13. Bd6 Ba8 14. c5 bxc5
15. dxc5 Bf8 16. Bxf8 Rxf8 17. Na4 Qa5 18. a3 Bb7 19. b4 Qd8 20. Nd4 Ba6 21.
Nc3 e5 22. Nb3 e4 23. Nd4 Ne5 24. Rb1 Bd3 25. Rb2 Nc4 26. Ra2 a6 27. Bf1
Bxf1 28. Rxf1 Ne5 29. Qa4 Qd7 30. Qxa6 Nfg4 31. Qe2 h5 32. Na4 Qe7 33. Nb6
Rc7 34. a4 Qf6 35. f4 exf3 36. Nxf3 Nxf3+ 37. Rxf3 Qe6 38. a5 Re8 39. Ra3 d4
40. a6 Nxe3 41. a7 d3 42. Qxe3 Qxe3+ 43. Rxe3 Rd8 44. Rexd3 Rxd3 45. a8=Q+
Kg7 46. Rxd3 Re7 47. Qd8 Re1+ 48. Kf2 Re6 49. Qd4+ Kh6 50. Rf3 g5 51. Qh8+
Kg6 52. Nd7 g4 53. Nf8+ Kg5 54. Qg7+ Rg6 55. Ne6+ fxe6 {White forfeits on
time} 0-1

[Event "ICCopen2017"]
[Site "Internet Chess Club"]
[Date "2017.03.19"]
[Round "8"]
[White "MichailovM"]
[Black "MasterMind"]
[Result "1-0"]
[ICCResult "Black forfeits on time"]
[WhiteElo "2175"]
[BlackElo "1797"]
[Opening "Richter-Veresov attack"]
[ECO "D01"]
[NIC "QP.07"]
[Time "20:37:53"]
[TimeControl "180+0"]

1. d4 Nf6 2. Nc3 d5 3. Bg5 c5 4. e3 Nc6 5. dxc5 e6 6. Nf3 Bxc5 7. Bb5 h6 8.
Bh4 O-O 9. O-O a6 10. Bd3 b5 11. e4 dxe4 12. Nxe4 Be7 13. Nxf6+ Bxf6 14.
Bxf6 Qxf6 15. Be4 Rd8 16. Qe2 Bb7 17. c3 Na5 18. Bxb7 Nxb7 19. Ne5 Rd5 20.
f4 Rad8 21. Rf2 Nc5 22. Qh5 Nd3 23. Rf3 Nxf4 24. Qxf7+ Qxf7 25. Nxf7 Kxf7
26. Rxf4+ Rf5 27. Re4 Rd2 28. a4 h5 29. Rf1 Rxb2 30. axb5 axb5 31. Rxf5+
exf5 32. Re5 Kf6 33. Rc5 g5 34. h4 gxh4 35. Kh2 Kg5 36. Kh3 b4 37. c4 Rc2
38. Rc8 Rc3+ 39. Kh2 Rc2 40. c5 h3 41. Kxh3 b3 42. c6 b2 43. Rb8 Rc3+ 44.
Kh2 b1=Q 45. Rxb1 Rxc6 46. Rb3 Rc4 47. Rg3+ Rg4 48. Ra3 h4 49. Ra7 Kf4 50.
Ra3 Kg5 51. Rf3 Rf4 52. Re3 Kg4 53. Kg1 Re4 54. Rf3 f4 55. Ra3 Ra4 56. Rxa4
Kg3 57. Ra3+ f3 58. Rxf3+ Kg4 59. Rh3 Kg5 60. Kh2 Kg4 61. Kg1 Kg5 62. Kf2
Kg4 63. Ke3 Kg5 64. Kf3 Kh5 65. Kf4 {Black forfeits on time} 1-0

[Event "ICCopen2017"]
[Site "Internet Chess Club"]
[Date "2017.03.19"]
[Round "8"]
[White "skewerd"]
[Black "F83"]
[Result "1-0"]
[ICCResult "Black forfeits on time"]
[WhiteElo "1773"]
[BlackElo "1777"]
[Opening "Sicilian: Kan, 5.Bd3"]
[ECO "B42"]
[NIC "SI.42"]
[Time "20:37:48"]
[TimeControl "180+0"]

1. e4 c5 2. Nf3 e6 3. d4 cxd4 4. Nxd4 a6 5. Bd3 Nf6 6. c4 Qc7 7. Nc3 d6 8.
Qe2 g6 9. O-O Bg7 10. Nf3 O-O 11. Bf4 Nfd7 12. Rac1 Ne5 13. Nxe5 dxe5 14.
Be3 Qa5 15. Rfd1 Nc6 16. a3 Nd4 17. Qf1 Rd8 18. Bb1 Bd7 19. Ba2 Bc6 20. f3
b5 21. cxb5 Bxb5 22. Nxb5 axb5 23. Qe1 Qxe1+ 24. Rxe1 b4 25. Bc4 bxa3 26.
bxa3 Rxa3 27. Bg5 Rda8 28. Rb1 Rc3 29. Bf1 h6 30. Bd2 Rc7 31. f4 Ra2 32. Be3
exf4 33. Bxf4 Rcc2 34. e5 g5 35. Bg3 Nf5 36. Rbc1 Rxc1 37. Rxc1 Nxg3 38.
hxg3 Bxe5 39. g4 Bg3 40. Rd1 f5 41. gxf5 exf5 42. Bc4+ Kg7 43. Bxa2 f4 44.
Rd7+ Kf6 45. Bb1 f3 46. gxf3 Bf4 47. Rb7 h5 48. Kg2 h4 49. Kh3 Ke5 50. Kg4
Kd4 51. Rb5 Ke3 52. Rb3+ Kf2 53. Be4 Bg3 54. Kxg5 {Black forfeits on time}
1-0

[Event "ICCopen2017"]
[Site "Internet Chess Club"]
[Date "2017.03.19"]
[Round "8"]
[White "Kastor"]
[Black "ylr5000"]
[Result "1-0"]
[ICCResult "Black resigns"]
[WhiteElo "2795"]
[BlackElo "2287"]
[Opening "Sicilian: Richter-Rauzer, Rauzer attack, 7...a6 defense, 8...Bd7"]
[ECO "B67"]
[NIC "SI.30"]
[Time "20:38:48"]
[TimeControl "180+0"]

1. e4 c5 2. Nf3 d6 3. d4 cxd4 4. Nxd4 Nf6 5. Nc3 Nc6 6. Bg5 e6 7. Qd2 a6 8.
O-O-O Bd7 9. f4 b5 10. Bxf6 gxf6 11. Kb1 Qb6 12. Nce2 Nxd4 13. Nxd4 O-O-O
14. Be2 Kb8 15. Bh5 Be8 16. Rhf1 Rg8 17. f5 e5 18. Nb3 Rg5 19. Bf3 Bc6 20.
Rc1 Bh6 21. Rcd1 Bb7 22. Qe1 Rg7 23. Na5 Ba8 24. b4 Qe3 25. Rd3 Qxe1+ 26.
Rxe1 Rd7 27. Red1 Kc7 28. Kb2 Rg8 29. Kb3 Rb8 30. a4 Bg5 31. axb5 axb5 32.
Re1 Bf4 33. g3 Bh6 34. c3 Kd8 35. Rdd1 Ke7 36. Rd3 Rc7 37. Red1 Rb6 38. c4
Bg5 39. h4 Bh6 40. Rc3 bxc4+ 41. Rxc4 Rxc4 42. Nxc4 Rc6 43. b5 Rc5 44. Kb4
Bb7 45. Nxd6 {Black resigns} 1-0

[Event "ICCopen2017"]
[Site "Internet Chess Club"]
[Date "2017.03.19"]
[Round "8"]
[White "rotyi59"]
[Black "x-plica"]
[Result "1-0"]
[ICCResult "Black forfeits on time"]
[WhiteElo "1519"]
[BlackElo "1347"]
[Opening "French: Chigorin variation"]
[ECO "C00"]
[NIC "FR.01"]
[Time "20:38:20"]
[TimeControl "180+0"]

1. e4 e6 2. Qe2 c5 3. f4 a6 4. Nf3 Nc6 5. g3 h6 6. Bg2 d6 7. O-O Be7 8. c3
Nf6 9. d4 cxd4 10. Nxd4 O-O 11. Nxc6 bxc6 12. e5 Nh7 13. Bxc6 Rb8 14. exd6
Bxd6 15. Bg2 Bc5+ 16. Kh1 Qb6 17. b4 Be7 18. Be3 Qc7 19. Bd4 Bf6 20. Bxf6
Nxf6 21. Rc1 Nd5 22. Bxd5 exd5 23. Nd2 Bb7 24. Nf3 Qc6 25. Nd4 Qf6 26. Qd3
Rfe8 27. Re1 a5 28. a3 Rec8 29. Qd2 Rc4 30. Re3 Rbc8 31. Rae1 Kh7 32. Qd3+
g6 33. Re5 Rxc3 34. Qd2 Rxa3 35. bxa5 Rcc3 36. R5e3 Rxe3 37. Rxe3 Ra1+ 38.
Kg2 Ba6 39. Rc3 Bc4 40. Nf3 Qe7 41. Ne5 Ra2 42. Rc2 Rxc2 43. Qxc2 Qc5 44.
Nxc4 Qxc4 45. Qxc4 dxc4 46. a6 c3 47. a7 c2 48. a8=Q c1=Q 49. Qf3 Qd2+ 50.
Kh3 h5 51. g4 hxg4+ 52. Qxg4 Qe3+ 53. Kh4 f6 54. Qg3 Qxg3+ 55. hxg3 Kh6 56.
g4 g5+ 57. Kg3 Kg6 58. f5+ Kf7 59. Kf3 Ke7 60. Ke4 Kd6 61. Kd4 Kc6 62. Kc4
Kd6 63. Kd4 {Black forfeits on time} 1-0

[Event "ICCopen2017"]
[Site "Internet Chess Club"]
[Date "2017.03.19"]
[Round "8"]
[White "mijail58"]
[Black "DEHO"]
[Result "1-0"]
[ICCResult "Black forfeits on time"]
[WhiteElo "1487"]
[BlackElo "2113"]
[Opening "Queen's pawn game, Darooha variation "]
[ECO "D02"]
[NIC "QP.08"]
[Time "20:37:39"]
[TimeControl "180+0"]

1. d4 d5 2. Nf3 Nf6 3. g3 g6 4. Bg2 Bg7 5. O-O O-O 6. b3 c5 7. dxc5 Ne4 8.
Nd4 Nxc5 9. c3 e5 10. Nc2 Be6 11. Bb2 Nc6 12. Ne3 Ne7 13. c4 d4 14. Nc2 Qd7
15. Nd2 Rac8 16. b4 Na4 17. Ba3 Rfd8 18. c5 Nc3 19. Qe1 Bh3 20. Nf3 Bxg2 21.
Kxg2 Nb5 22. Bb2 e4 23. Ng5 Qd5 24. h4 h6 25. Nh3 Nc6 26. Nf4 Qf5 27. a4 Nc7
28. Rd1 Ne6 29. Nxe6 Qxe6 30. Nxd4 Nxd4 31. Bxd4 Bxd4 32. e3 Bg7 33. Qe2 h5
34. Rxd8+ Rxd8 35. Rc1 Rd3 36. b5 Rc3 37. Rxc3 Bxc3 38. Qc2 Ba5 39. c6 bxc6
40. bxc6 Bc7 41. Qc5 Bb6 42. Qc3 Qd5 43. c7 Bxc7 44. Qxc7 a5 45. Qc8+ Kg7
46. Qc3+ Kf8 47. Qc8+ Ke7 48. Qc7+ Ke6 49. Qc8+ {Black forfeits on time} 1-0

[Event "ICCopen2017"]
[Site "Internet Chess Club"]
[Date "2017.03.19"]
[Round "8"]
[White "Ancient"]
[Black "Eliezer"]
[Result "1-0"]
[ICCResult "Black forfeits on time"]
[WhiteElo "2015"]
[BlackElo "1543"]
[Opening "Scotch game"]
[ECO "C45"]
[NIC "SO.04"]
[Time "20:38:22"]
[TimeControl "180+0"]

1. e4 e5 2. Nf3 Nc6 3. d4 exd4 4. Nxd4 d6 5. Nc3 Nf6 6. Nxc6 bxc6 7. Bd3 Be7
8. O-O Nd7 9. f4 O-O 10. b3 Bf6 11. Bb2 Bd4+ 12. Kh1 c5 13. Qf3 Bb7 14. Rae1
a5 15. Qh3 g6 16. f5 Ne5 17. Na4 Bxb2 18. Nxb2 Nxd3 19. cxd3 Qf6 20. fxg6
Qxg6 21. Rf3 Bc8 22. Qh4 Qe6 23. Ref1 f5 24. exf5 Rxf5 25. Rxf5 Qxf5 26.
Qd8+ Kg7 27. Rxf5 Bxf5 28. Qxa8 Kf6 29. Qf3 Ke5 30. Qe3+ Kf6 31. Nc4 Be6 32.
Nxa5 h5 33. Nc4 Bxc4 34. bxc4 c6 35. a4 d5 36. a5 d4 37. Qf4+ Ke6 38. a6 h4
39. a7 h3 40. a8=Q {Black forfeits on time} 1-0

[Event "ICCopen2017"]
[Site "Internet Chess Club"]
[Date "2017.03.19"]
[Round "8"]
[White "MrWizard"]
[Black "notetengomiedo"]
[Result "0-1"]
[ICCResult "White resigns"]
[WhiteElo "2004"]
[BlackElo "1704"]
[Opening "King's Indian: London system"]
[ECO "A48"]
[NIC "QP.03"]
[Time "20:38:18"]
[TimeControl "180+0"]

1. d4 Nf6 2. Nf3 g6 3. Bf4 Bg7 4. e3 O-O 5. Be2 d5 6. h3 Bf5 7. c3 c6 8. O-O
Nbd7 9. Nbd2 Ne4 10. Qb3 Nxd2 11. Nxd2 Qb6 12. Bf3 e5 13. Bg3 e4 14. Be2
Qxb3 15. axb3 a6 16. c4 Be6 17. Rfc1 f5 18. cxd5 Bxd5 19. Bc4 Nb6 20. Bxd5+
Nxd5 21. Nc4 Rad8 22. Na5 Rf7 23. Nc4 Rfd7 24. Be5 Nb4 25. Bxg7 Kxg7 26. Ne5
Rd5 27. Rc4 Rb5 28. Ra3 Nd5 29. Rc1 Kf6 30. Nc4 Ke6 31. Kf1 Nb6 32. Kg1 Nxc4
33. Rxc4 Rdd5 34. Kf1 Kd6 35. Ke2 c5 36. Kd2 cxd4 37. exd4 Kd7 38. Kc3 Rd6
39. b4 Rbd5 40. b3 Ke6 41. Ra2 f4 42. Rd2 Kf5 43. Rc5 g5 44. Rxd5+ Rxd5 45.
Kc4 Rd7 46. d5 Ke5 47. Kc5 Rc7+ 48. Kb6 Rd7 49. Kc5 Rc7+ 50. Kb6 Rd7 51. Kc5
e3 52. fxe3 fxe3 53. Rd3 Ke4 54. Rd4+ Ke5 55. Rd3 Ke4 56. Rd4+ Kf5 57. Rd3
Kf4 58. Rd4+ Kg3 59. Re4 Kf2 60. Kd4 e2 61. Kd3 e1=Q 62. Rxe1 Kxe1 63. Kd4
Kf2 64. Kc5 Kxg2 65. d6 Kxh3 66. Kd5 g4 67. Ke6 Rxd6+ 68. Kxd6 g3
{White resigns}
0-1

[Event "ICCopen2017"]
[Site "Internet Chess Club"]
[Date "2017.03.19"]
[Round "8"]
[White "Fighterman"]
[Black "Activekids"]
[Result "1-0"]
[ICCResult "Black resigns"]
[WhiteElo "2459"]
[BlackElo "1992"]
[Opening "Benko's opening"]
[ECO "A00"]
[NIC "VO.09"]
[Time "20:39:10"]
[TimeControl "180+0"]

1. g3 d5 2. Bg2 c6 3. Nf3 Bg4 4. O-O Nd7 5. d3 e6 6. Nbd2 Bd6 7. Qe1 Ne7 8.
e4 O-O 9. e5 Bc7 10. h3 Bh5 11. c3 Bg6 12. d4 h6 13. Qe3 c5 14. dxc5 Nc6 15.
Nb3 Ndxe5 16. Nxe5 Nxe5 17. Rd1 Nc4 18. Qe2 a5 19. Nd2 Ne5 20. Nf3 Nd7 21.
Be3 Qe7 22. c4 Be4 23. cxd5 exd5 24. Rac1 Rfc8 25. Nd4 Bxg2 26. Kxg2 Ne5 27.
Bf4 Qf6 28. Nb5 Bb8 29. Nd6 Bxd6 30. cxd6 Rxc1 31. Rxc1 Nc4 32. Rd1 Nxd6 33.
Rxd5 Nf5 34. Qd3 Qc6 35. Kh2 Ne7 36. Rd8+ Rxd8 37. Qxd8+ Kh7 38. Qxe7 Qf3
39. Qe3 Qd1 40. Be5 f6 41. Bc3 Qc2 42. a3 a4 43. Kg2 b5 44. Qd4 Qb3 45. h4
Kg8 46. Qe4 Kf8 47. h5 Kf7 48. g4 Qe6 49. Qxe6+ Kxe6 50. f4 f5 51. gxf5+
Kxf5 52. Bxg7 Kxf4 53. Bxh6+ Kf5 54. Kg3 Ke6 55. Bd2 {Black resigns} 1-0

[Event "ICCopen2017"]
[Site "Internet Chess Club"]
[Date "2017.03.19"]
[Round "8"]
[White "LittleMaster"]
[Black "BryanL"]
[Result "1-0"]
[ICCResult "Black forfeits on time"]
[WhiteElo "2320"]
[BlackElo "1997"]
[Opening "Pirc defense"]
[ECO "B07"]
[NIC "PU.08"]
[Time "20:38:03"]
[TimeControl "180+0"]

1. e4 d6 2. d4 Nf6 3. Ne2 g6 4. Nd2 Bg7 5. Ng3 e5 6. Be2 exd4 7. O-O c5 8.
f4 Nc6 9. Nf3 Bg4 10. c3 dxc3 11. bxc3 d5 12. e5 Ne4 13. Qc2 Nxg3 14. hxg3
d4 15. cxd4 Bxf3 16. Bxf3 Qxd4+ 17. Kh2 Qxa1 18. Qxc5 Rc8 19. Ba3 Bf8 20.
Qb5 Qd4 21. Qxb7 Qd7 22. Qa6 Bxa3 23. Rd1 Nd4 24. Rxd4 Qxd4 25. Qxc8+ Qd8
26. Qc6+ Qd7 27. Qa8+ Qd8 28. Bc6+ Ke7 29. Qxa7+ Kf8 30. Qxa3+ Kg7 31. Qb2
h5 32. Bf3 Qe7 33. a4 Qe6 34. a5 h4 35. g4 Rd8 36. Qb6 Qxb6 37. axb6 Rb8 38.
b7 f6 39. e6 Kf8 40. f5 g5 41. g3 Ke7 42. gxh4 Kd6 43. h5 Kc7 44. Kg2 Rd8
45. Kf2 Kb8 46. Ke3 Kc7 47. Be4 Rb8 48. e7 Re8 49. Kd4 Rxe7 50. Bd5 Rg7 51.
Kc5 Re7 52. Be6 Rg7 53. b8=Q+ Kxb8 54. Kd6 Ra7 55. Kd5 Kc7 56. h6 Ra8 57. h7
Rh8 58. Bg8 Kd7 59. Kc5 Ke7 60. Be6 Kf8 61. Kd4 Kg7 62. Ke4 Kxh7 63. Bd5 Kg7
64. Be6 Rf8 65. Kf3 Rf7 66. Kg3 Rf8 67. Kf3 Rf7 68. Kg3 Re7 69. Kf3 Rxe6 70.
fxe6 Kf8 71. e7+ Kxe7 72. Ke4 Ke6 73. Kd4 Kf7 74. Ke3 Kg7 75. Kf2 Kg6 76.
Kg2 f5 77. Kf2 {Black forfeits on time} 1-0

[Event "ICCopen2017"]
[Site "Internet Chess Club"]
[Date "2017.03.19"]
[Round "8"]
[White "beaupre"]
[Black "pabrazilian"]
[Result "1-0"]
[ICCResult "Black resigns"]
[WhiteElo "1763"]
[BlackElo "1417"]
[Opening "Sicilian: Grand Prix attack"]
[ECO "B23"]
[NIC "SI.44"]
[Time "20:38:56"]
[TimeControl "180+0"]

1. e4 c5 2. Nc3 Nc6 3. f4 d6 4. Bb5 e6 5. Nf3 Be7 6. O-O Nf6 7. d3 O-O 8.
Qe1 Bd7 9. Bxc6 Bxc6 10. Bd2 Qc7 11. Qg3 Kh8 12. Kh1 h6 13. Qh3 Bd7 14. Qg3
Nh7 15. Rac1 Bf6 16. e5 Be7 17. Ne2 d5 18. Neg1 f6 19. Nh3 f5 20. Nh4 Be8
21. Ng6+ Bxg6 22. Qxg6 Qd7 23. Qg3 Rg8 24. Qf2 b6 25. c3 Raf8 26. Qf3 Qd8
27. Nf2 g5 28. fxg5 Bxg5 29. Bxg5 Nxg5 30. Qe2 Qe8 31. d4 c4 32. b3 Qh5 33.
Qxh5 f4 34. bxc4 f3 35. Qxh6+ Nh7 36. g3 Rf7 37. Qxe6 Rfg7 38. Rg1 Ng5 39.
Qxd5 Rh7 40. h4 Rgg7 41. e6 Rh5 42. e7 Rxe7 43. Qd8+ Kh7 44. Qxe7+ Kh6 45.
Qxg5+ Rxg5 46. hxg5+ Kxg5 47. d5 {Black resigns} 1-0

[Event "ICCopen2017"]
[Site "Internet Chess Club"]
[Date "2017.03.19"]
[Round "8"]
[White "ramezsamir"]
[Black "ChessOlympian"]
[Result "1-0"]
[ICCResult "Black forfeits on time"]
[WhiteElo "1960"]
[BlackElo "1731"]
[Opening "Sicilian: Smith-Morra gambit"]
[ECO "B21"]
[NIC "SI.48"]
[Time "20:38:00"]
[TimeControl "180+0"]

1. e4 c5 2. d4 cxd4 3. c3 d5 4. exd5 Qxd5 5. cxd4 e6 6. Nf3 Nf6 7. Nc3 Qd8
8. Bb5+ Bd7 9. Qa4 Be7 10. Ne5 O-O 11. O-O a6 12. Bg5 Bc8 13. Rfd1 Nbd7 14.
Bxf6 Nxf6 15. Rac1 Rb8 16. Bd3 b5 17. Qc2 Bb7 18. Qe2 Nd5 19. Ne4 Nf4 20.
Qg4 Nxd3 21. Rxd3 f5 22. Qh5 Bxe4 23. Rh3 h6 24. Rg3 Rf6 25. Ng6 Bd6 26.
Rgc3 f4 27. Ne5 Rf5 28. Qe2 Bxe5 29. dxe5 Bd5 30. Qc2 f3 31. g3 Kh7 32. g4
Qg5 33. h3 h5 34. Kf1 hxg4 35. hxg4 Qxg4 36. Rc7 Qg2+ 37. Ke1 Qg1+ 38. Kd2
Qxf2+ 39. Kc3 Qe3+ 40. Qd3 Qxe5+ 41. Qd4 Qxc7+ 42. Kd2 Qb6 43. Rh1+ Kg8 44.
Qd3 Qf2+ 45. Qe2 {Black forfeits on time} 1-0

[Event "ICCopen2017"]
[Site "Internet Chess Club"]
[Date "2017.03.19"]
[Round "8"]
[White "BronStorm"]
[Black "biljanic"]
[Result "1-0"]
[ICCResult "Black forfeits on time"]
[WhiteElo "1885"]
[BlackElo "1987"]
[Opening "Scotch opening"]
[ECO "C44"]
[NIC "KP.10"]
[Time "20:38:45"]
[TimeControl "180+0"]

1. e4 e5 2. Nf3 Nc6 3. d4 d6 4. Bb5 exd4 5. Qxd4 Bd7 6. Bxc6 Bxc6 7. Nc3 h6
8. Be3 Nf6 9. h3 Nd7 10. O-O-O Qf6 11. Qd2 Ne5 12. Nxe5 dxe5 13. a3 Bd6 14.
Qe2 O-O 15. g4 Qg6 16. f3 a6 17. h4 b5 18. h5 Qe6 19. Nd5 f6 20. c3 a5 21.
Kc2 b4 22. axb4 axb4 23. Qc4 b3+ 24. Kd2 Bxd5 25. Qxd5 Qxd5+ 26. exd5 Ra2
27. Rb1 Ba3 28. Kc1 Rd8 29. c4 Bf8 30. Kd2 Bb4+ 31. Kd3 c6 32. Ke4 cxd5+ 33.
cxd5 Ra5 34. Rhd1 Kf7 35. Rbc1 Rd7 36. Rc4 Bd6 37. Rc3 Rb5 38. Rdd3
{Black forfeits on time}
1-0

[Event "ICCopen2017"]
[Site "Internet Chess Club"]
[Date "2017.03.19"]
[Round "8"]
[White "canary2016"]
[Black "Cramagica"]
[Result "0-1"]
[ICCResult "White forfeits on time"]
[WhiteElo "1111"]
[BlackElo "1130"]
[Opening "Sicilian: Najdorf, Opocensky variation"]
[ECO "B92"]
[NIC "SI.10"]
[Time "20:38:36"]
[TimeControl "180+0"]

1. e4 c5 2. Nf3 d6 3. d4 cxd4 4. Nxd4 Nf6 5. Nc3 a6 6. Be2 e5 7. Nf3 Be6 8.
O-O Nbd7 9. Re1 Be7 10. Be3 O-O 11. h3 Kh8 12. a3 b5 13. Rc1 Rc8 14. Bd3 Nc5
15. Bg5 Nxd3 16. Qxd3 Bc4 17. Qd2 Nh5 18. Bxe7 Qxe7 19. Qg5 Qxg5 20. Nxg5
Nf4 21. Nf3 f6 22. Rcd1 Rcd8 23. Na2 Bxa2 24. Nd2 Be6 25. Re3 d5 26. exd5
Nxd5 27. Rg3 Nf4 28. Rf3 g5 29. g3 Ne2+ 30. Kf1 Nd4 31. Rc3 Bxh3+ 32. Kg1
Bg4 33. Kh2 h5 34. Re1 Kg7 35. f3 Bf5 {White forfeits on time} 0-1